 Dungeon Crawl Stone Soup version 0.25.0-46-gbd7b0854d2 (webtiles) character file.

Game seed: 9444997733436073632

14046 ANON1729 the Basher (level 11, -11/109 HPs)
             Began as a Troll Gladiator on July 13, 2020.
             Killed by divine providence
             ... invoked by an orc priest
              (14 damage)
             ... on level 12 of the Dungeon.
             The game lasted 00:28:05 (10487 turns).

ANON1729 the Basher (Troll Gladiator)              Turns: 10487, Time: 00:28:06

Health: -11/109    AC:  8    Str: 27    XL:     11   Next: 83%
Magic:  19/19      EV: 21    Int:  4    God:
Gold:   462        SH:  0    Dex: 11    Spells: 10/10 levels left

rFire    + + .     SeeInvis .   j - +7 great mace "Firestarter" {inner flame, rF++}
rCold    . . .     Gourm    +   (shield currently unavailable)
rNeg     . . .     Faith    .   E - +2 robe {MR+}
rPois    .         Spirit   .   c - +0 hat
rElec    .         Reflect  .   (no cloak)
rCorr    .         Harm     .   (gloves unavailable)
MR       +....                  (boots unavailable)
Stlth    +.........             (no amulet)
HPRegen  0.68/turn              x - ring of Phasing {EV+8}
MPRegen  0.16/turn              F - ring of magical power

@: about to teleport
A: large, unfitting armour, claws 3, fast metabolism 3, gourmand, regeneration
1, shaggy fur 1, tough skin 3
a: no special abilities


You were on level 12 of the Dungeon.
You were not hungry.

You visited 2 branches of the dungeon, and saw 13 of its levels.

You collected 661 gold pieces.
You spent 199 gold pieces at shops.

Inventory:

Hand Weapons
 a - a +0 flail
 j - the +7 great mace "Firestarter" (weapon) {inner flame, rF++}
   (You found it on level 11 of the Dungeon)

   It has been specially enchanted to burn those struck by it, causing extra
   injury to most foes and up to half again as much damage against particularly
   susceptible opponents.
   It greatly protects you from fire.
 B - a +2 whip of electrocution
Missiles
 d - 5 throwing nets (quivered)
 r - 14 large rocks
Armour
 b - a +0 robe
 c - a +0 hat (worn)
 E - a +2 robe of magic resistance (worn)
Magical Staves
 q - an uncursed staff of fire
Jewellery
 x - the ring of Phasing (left claw) {EV+8}
   (You took it off a crimson imp on level 7 of the Dungeon)

   [ring of evasion]

   It affects your evasion (+8).
 F - a ring of magical power (right claw)
 I - an uncursed ring of resist corrosion
Wands
 u - a wand of acid (3)
 w - a wand of clouds (2)
 H - a wand of disintegration (14)
Scrolls
 e - 2 scrolls of fog {unknown}
 g - 2 scrolls of immolation {unknown}
 h - 3 scrolls of blinking {unknown}
 i - 4 scrolls of remove curse
 k - 5 scrolls of identify
 l - 2 scrolls of enchant weapon {unknown}
 o - a scroll of summoning {unknown}
 p - a scroll of amnesia {unknown}
 C - a scroll of magic mapping {unknown}
 D - a scroll of silence {unknown}
 G - a scroll of enchant armour {unknown}
Potions
 m - 2 potions of curing
 n - 3 potions of haste {unknown}
 s - a potion of berserk rage {unknown}
 t - a potion of magic {unknown}
 v - a potion of stabbing {unknown}
 z - a potion of invisibility {unknown}
 A - 2 potions of cancellation {unknown}
Comestibles
 f - 22 rations


   Skills:
 + Level 7.1 Fighting
 * Level 10.5 Maces & Flails
 + Level 7.8 Throwing
 + Level 5.8 Armour
 + Level 7.3 Dodging


You had 10 spell levels left.
You didn't know any spells.
Your spell library contained the following spells:

 Spells                   Type           Power        Failure   Level  Hunger
 Corona                   Hex            #......      50%         1    ##.....
 Foxfire                  Conj/Fire      #...         50%         1    ##.....
 Magic Dart               Conj           #...         50%         1    ##.....
 Sting                    Tmut/Pois      #...         50%         1    ##.....
 Blink                    Tloc           N/A          65%         2    ###....
 Call Imp                 Summ           #.......     65%         2    ###....
 Ensorcelled Hibernation  Hex/Ice        #.....       65%         2    ###....
 Poisonous Vapours        Pois/Air       #.....       65%         2    ###....
 Slow                     Hex            #.......     65%         2    ###....
 Confusing Touch          Hex            #.......     86%         3    ####...
 Conjure Flame            Conj/Fire      #.......     86%         3    ####...
 Dazzling Flash           Conj/Hex       #.....       86%         3    ####...
 Gell's Gravitas          Tloc           #.........   86%         3    ####...
 Ignite Poison            Fire/Tmut/Pois #.......     86%         3    ####...
 Inner Flame              Hex/Fire       #.......     86%         3    ####...
 Mephitic Cloud           Conj/Pois/Air  #.......     86%         3    ####...
 Tukima's Dance           Hex            #.......     86%         3    ####...
 Olgreb's Toxic Radiance  Pois           #.......     99%         4    #####..
 Petrify                  Tmut/Erth      #.......     99%         4    #####..
 Sticky Flame             Conj/Fire      #.......     99%         4    #####..
 Fireball                 Conj/Fire      #.........   100%        5    ######.
 Metabolic Englaciation   Hex/Ice        #.........   100%        5    ######.
 Yara's Violent Unravell  Hex/Tmut       #.........   100%        5    ######.


Dungeon Overview and Level Annotations

Branches:
Dungeon (12/15)            Temple (1/1) D:6            Lair (0/6) D:9
    Orc (0/2) D:11

Altars:
Ashenzari
Cheibriados
Dithmenos
Elyvilon
Fedhas
Gozag
Hepliaklqana
Kikubaaqudgha
Makhleb
Nemelex Xobeh
Okawaru
Qazlal
Ru
Sif Muna
Trog
Uskayaw
Vehumet
Wu Jian
Xom
Yredelemnul
Zin
The Shining One

Shops:
D:5 !   D:6 *(   D:8 *   D:11 :(

Annotations:
D:3 Ethylacetat's ghost, amateur OpGl
D:7 4 runed translucent doors, Prince Ribbit


Innate Abilities, Weirdness & Mutations

You are too large for most types of armour.
You have claws for hands.
Your metabolism is lightning-fast.
You like to eat raw meat.
Your natural rate of healing is unusually fast.
You are covered in fur. (AC +1)
You have extremely tough skin. (AC +3)


Message History

The centaur warrior zombie is heavily damaged.
The centaur warrior zombie is engulfed in blazing flames.
Flame seeps out of the centaur warrior zombie.
The centaur warrior zombie hits you but does no damage.
The white ugly thing trunk-slaps you. The white ugly thing freezes you!!
The orc priest mumbles some strange prayers to Beogh against you.
Beogh smites you!
The centaur warrior zombie is engulfed in blazing flames.
Flame seeps out of the centaur warrior zombie.
The centaur warrior zombie completely misses you.
As you read the scroll of teleportation, it crumbles to dust.
You feel strangely unstable. The white ugly thing trunk-slaps you!
The white ugly thing freezes you!!
* * * LOW HITPOINT WARNING * * *
The centaur warrior zombie is engulfed in blazing flames.
Flame seeps out of the centaur warrior zombie.
The centaur warrior zombie hits you but does no damage.
The orc priest calls down the wrath of Beogh upon you.
Beogh smites you!
You die...

#...........
#.............#
#.............#
#....#........##
##....###...#..#
##.....###...(..
##...............
##..%....Z.u......
#..(.(..oC@#..
###......### .
#...###(.#
##....))).......
###....ZoC.....
###..[.......
....Z......
..........%.
..%%.........


You could see a white ugly thing, a cyclops, an orc priest and a centaur warrior
zombie (inner flame).

Vanquished Creatures
  A fire dragon (D:11)
  A hydra (D:12)
  Erica (D:9)
  2 two-headed ogres
  Pikel (D:8)
  An ugly thing (D:10)
  2 cyclopes (D:11)
  A centaur skeleton (D:10)
  A troll (D:10)
  4 slime creatures (D:11)
  3 hippogriffs
  A tarantella (shapeshifter) (D:10)
  A wraith (D:10)
  8 yaks
  2 hungry ghosts (D:11)
  Grum (D:8)
  6 fire bats (D:11)
  2 water moccasins (D:9)
  A sky beast (D:5)
  4 orc warriors
  2 phantoms
  An eye of draining (D:10)
  2 necrophages
  3 black bears
  2 ogres (D:8)
  3 wolves (D:8)
  7 centaurs
  2 big kobolds
  4 bullfrogs
  A scorpion (D:5)
  5 killer bees
  6 howler monkeys
  11 wights
  2 crimson imps
  A quasit (D:5)
  3 bullfrog zombies
  6 jellies
  An orc priest (D:4)
  5 hounds
  2 iguanas
  8 orc wizards
  3 worker ants
  A hound zombie (D:9)
  2 hound skeletons
  A worker ant zombie (D:10)
  7 adders
  A shadow imp (D:8)
  3 oozes
  An adder zombie (D:7)
  2 leopard geckos
  29 orcs
  3 giant cockroaches
  2 goblins
  2 hobgoblins (D:2)
  2 jackals (D:5)
  9 kobolds
  3 quokkas
  A ball python (D:5)
  A bat (D:1)
  A frilled lizard (D:5)
  3 jackal skeletons
  2 leopard gecko simulacra (D:3)
  A rat (D:1)
201 creatures vanquished.

Vanquished Creatures (collateral kills)
  A killer bee (D:6)
1 creature vanquished.

Vanquished Creatures (others)
  Harold (D:7)
  3 slaves (D:8)
  3 killer bees
  A jelly (D:8)
  A plant (D:7)
9 creatures vanquished.

Grand Total: 211 creatures vanquished

Notes
Turn   | Place    | Note
-------+----------+-------------------------------------------
     0 | D:1      | ANON1729 the Troll Gladiator began the quest for the Orb.
     0 | D:1      | Reached XP level 1. HP: 19/19 MP: 0/0
   133 | D:1      | Reached XP level 2. HP: 28/28 MP: 1/1
   391 | D:3      | Found a runed translucent gate.
   391 | D:3      | Found a runed translucent gate.
   391 | D:3      | Found a runed translucent gate.
   522 | D:3      | Noticed Ethylacetat's ghost (amateur OpGl)
   624 | D:4      | Reached skill level 3 in Maces & Flails
   624 | D:4      | Reached XP level 3. HP: 19/35 MP: 2/2
   748 | D:4      | Reached XP level 4. HP: 28/44 MP: 3/3
   837 | D:4      | Noticed an ogre
   893 | D:5      | Entered Level 5 of the Dungeon
   928 | D:5      | Found Rufamah's Distillery.
   933 | D:5      | Bought 2 potions of lignification for 66 gold pieces
  1026 | D:5      | Reached XP level 5. HP: 46/50 MP: 4/4
  1186 | D:5      | Noticed a centaur
  1256 | D:5      | Killed a centaur
  1256 | D:5      | Reached XP level 6. HP: 19/61 MP: 5/5
  1479 | D:5      | Reached skill level 4 in Maces & Flails
  1667 | D:5      | Noticed a sky beast
  1695 | D:5      | Killed a sky beast
  1695 | D:5      | Reached XP level 7. HP: 22/67 MP: 6/6
  1808 | D:5      | Found a sacrificial altar of Ru.
  2182 | D:6      | Found Madgho's Assorted Antiques.
  2198 | D:6      | Bought a fuming inky potion for 17 gold pieces
  2198 | D:6      | Bought a scroll labeled ZEUPAP QISTUET for 19 gold pieces
  2198 | D:6      | Bought a scroll labeled SEIKHAU OSKO for 19 gold pieces
  2439 | D:6      | Found a staircase to the Ecumenical Temple.
  2452 | D:6      | Found a burning altar of Makhleb.
  2452 | D:6      | Noticed a cacodemon
  2488 | Temple   | Entered the Ecumenical Temple
  2558 | D:6      | Reached skill level 5 in Maces & Flails
  2558 | D:6      | Reached skill level 1 in Armour
  2750 | D:6      | Found Biezaici's Weapon Shop.
  3244 | D:7      | Reached XP level 8. HP: 55/78 MP: 7/7
  3796 | D:7      | Found a huge runed translucent gate.
  3797 | D:7      | Found a huge runed translucent gate.
  3799 | D:7      | Found a huge runed translucent gate.
  3799 | D:7      | Found a huge runed translucent gate.
  3799 | D:7      | Noticed a polar bear
  3799 | D:7      | Noticed a dream sheep
  3799 | D:7      | Noticed a hippogriff
  3799 | D:7      | Noticed Prince Ribbit
  3799 | D:7      | Noticed a dream sheep
  3799 | D:7      | Noticed a polar bear
  3800 | D:7      | Noticed a dream sheep
  3800 | D:7      | Noticed a polar bear
  3800 | D:7      | Noticed a hippogriff
  3965 | D:7      | Noticed Harold
  3979 | D:7      | Killed Harold
  4339 | D:7      | Found an iron altar of Okawaru.
  4339 | D:7      | Found a burning altar of Makhleb.
  4345 | D:7      | Found a glowing golden altar of the Shining One.
  4347 | D:7      | Found a basalt altar of Yredelemnul.
  4349 | D:7      | Found a faded altar of an unknown god.
  4667 | D:8      | Found a bloodstained altar of Trog.
  4668 | D:8      | Found a shattered altar of Ashenzari.
  4749 | D:8      | Reached skill level 6 in Maces & Flails
  4846 | D:8      | Found Ufeoll's Assorted Antiques.
  4861 | D:8      | Noticed a hippogriff
  4862 | D:8      | Bought a lumpy yellow potion for 25 gold pieces
  4862 | D:8      | Bought a bubbling yellow potion for 25 gold pieces
  4862 | D:8      | Bought a scroll labeled JIKEER BOAQ for 28 gold pieces
  4870 | D:8      | Killed a hippogriff
  4870 | D:8      | Reached skill level 5 in Throwing
  4965 | D:8      | Reached skill level 5 in Dodging
  5056 | D:8      | Noticed Pikel
  5081 | D:8      | Killed Pikel
  5081 | D:8      | Reached XP level 9. HP: 85/85 MP: 8/8
  5313 | D:8      | Reached skill level 5 in Fighting
  5313 | D:8      | Reached skill level 7 in Maces & Flails
  5384 | D:8      | Noticed a two-headed ogre
  5517 | D:8      | Killed a two-headed ogre
  5613 | D:8      | Noticed Grum
  5646 | D:8      | Killed Grum
  5878 | D:8      | Found a sparkling altar of Nemelex Xobeh.
  5937 | D:8      | Found a glowing silver altar of Zin.
  5938 | D:8      | Noticed an angel
  5997 | D:9      | Found a staircase to the Lair.
  6284 | D:9      | Reached XP level 10. HP: 84/96 MP: 9/9
  6420 | D:9      | Noticed Erica
  6435 | D:9      | Killed Erica
  6435 | D:9      | Reached skill level 8 in Maces & Flails
  6994 | D:10     | Entered Level 10 of the Dungeon
  7854 | D:10     | Reached skill level 9 in Maces & Flails
  8038 | D:11     | Noticed a green ugly thing
  8058 | D:10     | Killed a green ugly thing
  8186 | D:11     | Found Diurricav's Weapon Shoppe.
  8188 | D:11     | Found a staircase to the Orcish Mines.
  8324 | D:10     | Reached XP level 11. HP: 99/106 MP: 10/10
  8476 | D:11     | Reached skill level 5 in Armour
  8528 | D:11     | Noticed a fire dragon
  8529 | D:11     | Found the +7 great mace "Firestarter" {inner flame, rF++}
  8660 | D:11     | Found Ruko Raj's Book Boutique.
  8731 | D:11     | Killed a fire dragon
  9778 | D:11     | Reached skill level 10 in Maces & Flails
 10458 | D:12     | Noticed a two-headed ogre
 10465 | D:12     | Noticed a four-headed hydra
 10467 | D:12     | Killed a two-headed ogre
 10473 | D:12     | Killed a four-headed hydra
 10481 | D:12     | Noticed a white ugly thing
 10487 | D:12     | HP: 3/109 [white ugly thing (30)]
 10487 | D:12     | Killed from afar by an orc priest

Illustrated notes

Levels and vault maps discovered:
D:1:      sevenhm_arrival_forest_fort_small_3, layout_basic
D:2:      layout_loops_ring, first_ration
D:3:      layout_loops_ring, gammafunk_ghost_icy, minmay_crystal_room,
          item_on_display_a, uniq_ijyb
D:4:      layout_loops_ring, st_stairs_14, lemuel_statue_altar, uniq_grinder
D:5:      layout_basic, basic_altar, serial_shops, shop
D:6:      layout_loops_corners, minmay_temple_entry_statues_pillars,
          serial_shops, shop, shop, makhleb_altar_promises_db
D:7:      lemuel_bear_cage, layout_basic, chequers_temple_overflow_minitemple,
          serial_bayou_lagoon_a, uniq_prince_ribbit1, uniq_harold
D:8:      layout_gridville, zin_angel, gammafunk_temple_overflow_pools,
          serial_shops, nicolae_shop_overgrown_old_shop, grunt_ogre_cave,
          chequers_serial_rivers_marsh, nemelex_lonely_heart_becter, uniq_pikel,
          uniq_grum
D:9:      layout_basic, lair_entry_dummy, uniq_erica
D:10:     layout_cave_pods
D:11:     minmay_firetagon, layout_cave_pods, orc_david_3, serial_shops,
          nicolae_shop_crystal, patterned_corridor
D:12:     layout_cave_pools, minmay_nine_imps
Temple:   minmay_freezing_vapour_temple

Skill      XL: |  1  2  3  4  5  6  7  8  9 10 11 |
---------------+----------------------------------+-----
Throwing       | 2 3 4 5 6 7 |  7.8
Fighting       | 2 3 4 5 6 7 |  7.1
Maces & Flails | 3 4 5 6 7 9 10 | 10.5
Dodging        | 3 4 5 6 7 |  7.3
Armour         | 1 2 3 4 5 |  5.8

Action                   |  1- 3 |  4- 6 |  7- 9 | 10-12 || total
-------------------------+-------+-------+-------+-------++-------
Melee: Flail             |    54 |   158 |   286 |       ||   498
       Whip              |       |       |   106 |   331 ||   437
       Great mace        |       |       |       |    63 ||    63
Throw: Throwing net      |       |       |       |     3 ||     3
Evoke: Wand              |       |       |    12 |     6 ||    18
  Use: Potion            |       |     3 |       |     6 ||     9
       Scroll            |       |       |     1 |     4 ||     5
 Stab: Held in net/web   |       |       |       |     2 ||     2
       Confused          |       |       |       |     1 ||     1
  Eat: Chunk             |     9 |    12 |    43 |    37 ||   101
       Ration            |       |       |       |     1 ||     1
Armor: Robe              |    45 |    76 |    95 |    81 ||   297
       Skin              |       |   112 |       |       ||   112
Dodge: Dodged            |    47 |   124 |   311 |   395 ||   877
